 Dungeon Crawl Stone Soup version 0.29-a0-563-g64e4043184 (webtiles) character file.

Game seed: 12274261647485864882

532 frimble the Shield-Bearer (level 7, -2/62 HPs)
             Began as a Meteoran Fighter on June 12, 2022.
             Succumbed to a scorpion's poison
             ... on level 5 of the Dungeon.
             The game lasted 00:03:16 (2670 turns).

frimble the Shield-Bearer (Meteoran Fighter)        Turns: 2670, Time: 00:03:16

Health: -2/62      AC: 11    Str: 17    XL:     7   Next: 78%
Magic:  8/8        EV:  9    Int: 11    God:
Gold:   242        SH:  6    Dex: 15    Spells: 6/6 levels left

rFire   . . .      SeeInvis .   a - +0 war axe
rCold   + . .      Faith    .   c - +0 buckler
rNeg    . . .      Spirit   .   b - +0 scale mail
rPois   .          Reflect  .   (helmet restricted)
rElec   .          Harm     .   s - +0 cloak
rCorr   .          Rampage  .   (no gloves)
Will    .....                   j - +2 pair of boots
Stlth   ..........              e - amulet of the acrobat
HPRegen 0.20/turn               (no ring)
MPRegen 0.11/turn               (no ring)

@: lethally poisoned (-2 -> -11), glowing
A: sense surroundings 1, otherworldly, glowing, explore regen, beak, cold
resistance 1
a: no special abilities


You were on level 5 of the Dungeon.
You visited 2 branches of the dungeon, and saw 6 of its levels.

You collected 242 gold pieces.

Inventory:

Hand Weapons
 a - a +0 war axe (weapon)
Missiles
 i - 2 throwing nets (quivered)
Armour
 b - a +0 scale mail (worn)
 c - a +0 buckler (worn)
 j - a +2 pair of boots (worn)
 s - a +0 cloak (worn)
Jewellery
 e - an amulet of the acrobat (around neck)
Wands
 w - a wand of flame (16)
Scrolls
 f - a scroll of blinking {unknown}
 g - 4 scrolls of magic mapping {unknown}
 k - a scroll of vulnerability {unknown}
 l - 2 scrolls of enchant weapon {unknown}
 m - a scroll of immolation {unknown}
 n - 6 scrolls of identify {unknown}
 o - 2 scrolls of fog {unknown}
 q - 3 scrolls of teleportation {unknown}
 r - a scroll of noise {unknown}
 v - a scroll of summoning {unknown}
Potions
 d - 2 potions of might
 h - a potion of mutation
 p - 2 potions of lignification {unknown}
 t - a potion of cancellation {unknown}
 u - a potion of degeneration {unknown}
 x - a potion of flight {unknown}


   Skills:
 + Level 5.6 Fighting
 + Level 5.5 Axes
 - Level 4.0 Armour
 - Level 6.0 Shields
 + Level 1.1 Evocations


You had 6 spell levels left.
You didn't know any spells.
Your spell library contained the following spells:

 Spells                   Type           Power      Damage    Failure   Level
 Animate Dead             Necr           0%         N/A       100%        4
 Borgnjor's Vile Clutch   Necr/Erth      0%         N/A       100%        5
 Death Channel            Necr           0%         N/A       100%        6


Dungeon Overview and Level Annotations

Branches:
Dungeon (5/15)             Temple (1/1) D:4

Altars:
Ashenzari
Cheibriados
Dithmenos
Elyvilon
Fedhas
Gozag
Hepliaklqana
Kikubaaqudgha
Makhleb
Nemelex Xobeh
Qazlal
Ru
Sif Muna
Trog
Uskayaw
Vehumet
Wu Jian
Xom
Yredelemnul
Zin
The Shining One


Innate Abilities, Weirdness & Mutations

You passively map a small area around you.
You are easily found by Zot.
You glow in the dark.
You regain HP and MP as you explore.
You have a beak for a mouth.
Your flesh is cold resistant. (rC+)


Message History

You closely miss the scorpion. You peck the scorpion.
The scorpion is almost dead.
You hit the iguana but do no damage. The scorpion barely misses you.
The iguana bites you. The scorpion barely misses you.
You barely miss the scorpion.
The scorpion is almost dead.
You barely miss the iguana. The iguana bites you.
* * * LOW HITPOINT WARNING * * *
The scorpion stings you but does no damage.
The iguana bites you but does no damage.
You hit the scorpion.
The scorpion is almost dead.
You hit the iguana. The scorpion barely misses you.
The iguana closely misses you.
The scorpion stings you but does no damage.
You barely miss the scorpion.
The scorpion is almost dead.
You barely miss the iguana. The iguana bites you!
* * * LOW HITPOINT WARNING * * *
The scorpion stings you but does no damage.
You block the iguana's attack.
You completely miss the scorpion.
The scorpion is almost dead.
You hit the iguana. The scorpion stings you.
* * * LOW HITPOINT WARNING * * *
You are lethally poisoned!
The scorpion poisons you!
The scorpion stings you but does no damage.
The iguana closely misses you.
You completely miss the scorpion.
The scorpion is almost dead.
You closely miss the iguana.
* * * LOW HITPOINT WARNING * * *
You feel very sick. You block the scorpion's attack. The iguana bites you.
* * * LOW HITPOINT WARNING * * *
You hit the scorpion.
You kill the scorpion!
You hit the iguana but do no damage.
You die...

* ,#.# ##.## #
,#+* #..# ###### ,
, ##.## #.....
#..# #..... ,
*##.# #..... , ,,
* #.## #..... * *
#..#
##....†###########
##.#
#.....†@.........#
#.#
#.....l#########.#
#.. #...... #.#
##. #......
########.### #.
#......
#..........# #.
#.#####
#....^.....####. #
* #.(....))).#....
, ########'###.###
#.# #.# #


You could see an iguana.

Vanquished Creatures
  A bullfrog (D:4)
  2 scorpions (D:5)
  2 hounds (D:5)
  3 iguanas (D:5)
  10 gnolls
  5 adders
  2 shadow imps (D:5)
  4 worms
  A dart slug (D:1)
  11 orcs
  2 ball pythons
  7 bats
  3 endoplasms
  4 giant cockroaches
  9 goblins
  13 hobgoblins
  3 jackals (D:1)
  4 kobolds
  3 quokkas
  9 frilled lizards
  5 rats
103 creatures vanquished.

Notes
Turn   | Place    | Note
-------+----------+-------------------------------------------
     0 | D:1      | frimble the Meteoran Fighter began the quest for the Orb.
     0 | D:1      | Reached XP level 1. HP: 19/19 MP: 2/2
    40 | D:1      | Reached XP level 2. HP: 26/26 MP: 3/3
   175 | D:1      | Reached XP level 3. HP: 24/31 MP: 4/4
   201 | D:1      | Gained mutation: Your flesh is cold resistant. (rC+)
                  | [potion of mutation]
   201 | D:1      | Gained mutation: You have a beak for a mouth. [potion of
                  | mutation]
   272 | D:1      | Reached skill level 4 in Shields
   500 | D:2      | Found a sparkling altar of Nemelex Xobeh.
   518 | D:2      | Reached XP level 4. HP: 40/40 MP: 5/5
   755 | D:2      | Found a faded altar of an unknown god.
   914 | D:3      | Reached XP level 5. HP: 32/46 MP: 6/6
   933 | D:4      | Found a staircase to the Ecumenical Temple.
   942 | Temple   | Entered the Ecumenical Temple
  1648 | D:3      | Reached skill level 5 in Shields
  1648 | D:3      | Reached XP level 6. HP: 33/53 MP: 7/7
  2069 | D:4      | Reached skill level 5 in Fighting
  2357 | D:5      | Entered Level 5 of the Dungeon
  2371 | D:5      | Reached XP level 7. HP: 61/61 MP: 8/8
  2385 | D:5      | Reached skill level 5 in Axes
  2461 | D:5      | Reached skill level 6 in Shields
  2633 | D:5      | Reached skill level 1 in Evocations
  2669 | D:5      | HP: 1/62 [iguana (5)]
  2670 | D:5      | Succumbed to a scorpion's poison

Illustrated notes

Levels and vault maps discovered:
D:1:      dpeg_arrival_shelter, layout_loops_ring
D:2:      layout_basic, basic_altar, nicolae_ecumenical_lake_church
D:3:      layout_basic, minmay_misc_feat_rugged, minmay_statues_item,
          minmay_surrounded
D:4:      layout_rooms, temple_fountains, grunt_ministairs_6
D:5:      layout_basic
Temple:   regret_index_temple_sigil_plot

Skill      XL: |  1  2  3  4  5  6  7 |
---------------+----------------------+-----
Armour         | 4 |  4.0
Axes           | 3 4 5 |  5.5
Shields        | 4 5 6 |  6.0
Fighting       | 4 5 |  5.6
Evocations     | 1 |  1.1

Action                   |  1- 3 |  4- 6 |  7- 9 || total
-------------------------+-------+-------+-------++-------
Melee: War axe           |    76 |   149 |    57 ||   282
       Peck              |     3 |    27 |    13 ||    43
  Use: Potion            |     1 |     4 |       ||     5
Armor: Scale mail        |    44 |    92 |    38 ||   174
Dodge: Dodged            |    29 |    95 |    22 ||   146
Block: Buckler           |    25 |    52 |    16 ||    93

Table legend: (Time is in decaauts)
 A = Elapsed time spent in this place.
 B = Non-inter-level travel time spent in this place.
 C = Inter-level travel time spent in this place.
 D = Time resting spent in this place.
 E = Time spent auto-exploring this place.
 F = Levels seen in this place.
 G = Mean time per level.
                   A        B        C        D        E       F      G
               +--------+--------+--------+--------+--------+-----+--------+
         Total |   2768 |   2695 |     73 |      0 |   1995 |   6 |  461.3 |
       Dungeon |   2450 |   2393 |     57 |      0 |   1724 |   5 |  490.0 |
        Temple |    318 |    302 |     16 |      0 |    271 |   1 |  318.0 |
               +--------+--------+--------+--------+--------+-----+--------+

Top non-repeatable levels by time:
     D:3: 606 daAuts
     D:2: 604 daAuts
     D:4: 488 daAuts
     D:1: 419 daAuts
     D:5: 331 daAuts
  Temple: 318 daAuts
